 Dungeon Crawl Stone Soup version 0.24-a0-693-g39a19ac0f1 (webtiles) character file.

Game seed: 11771633452580158035, levelgen mode: deterministic

812 MisterOstroum the Sneak (level 8, -6/57 HPs)
             Began as a Human Enchanter on Sept 28, 2019.
             Was an Initiate of Ru.
             Shot with an arrow by a centaur (15 damage)
             ... on level 5 of the Dungeon.
             The game lasted 00:12:20 (5240 turns).

MisterOstroum the Sneak (Human Enchanter)           Turns: 5240, Time: 00:12:21

Health: -6/57      AC:  5    Str: 11 (12) XL:     8   Next: 15%
Magic:  11/14      EV: 12    Int: 15 (17) God:    Ru [......]
Gold:   130        SH:  0    Dex: 12 (13) Spells: 9/15 levels left

rFire    . . .     SeeInvis .   c - +3 dagger (venom)
rCold    . . .     Gourm    .   (no shield)
rNeg     . . .     Faith    .   b - +0 robe
rPois    .         Spirit   .   s - +0 helmet
rElec    .         Reflect  .   B - +0 cloak
rCorr    .         Harm     .   l - +0 pair of gloves
MR       .....     Rnd*Tele +   (no boots)
Stlth    +++.......             A - amulet of rage
HPRegen  0.19/turn              i - +5 ring of slaying
MPRegen  0.14/turn              f - ring of teleportation (curse)

@: no status effects
A: clever 1, wild magic 1
a: Renounce Religion, Evoke Berserk Rage


You were on level 5 of the Dungeon.
You worshipped Ru.
Ru was noncommittal.
You were not hungry.

You visited 1 branch of the dungeon, and saw 5 of its levels.

You collected 247 gold pieces.
You spent 117 gold pieces at shops.

Inventory:

Hand Weapons
 a - a +1 dagger
 c - a +3 dagger of venom (weapon)
 h - a +0 whip
 j - a +0 short sword
 w - a +3 trident
 I - a +0 rapier
Missiles
 k - 8 javelins (quivered)
 m - 9 boomerangs
 E - 2 throwing nets {!f}
 J - 10 poisoned darts
Armour
 b - a +0 robe (worn)
 l - a +0 pair of gloves (worn)
 s - a +0 helmet (worn)
 y - a +0 shield
 B - a +0 cloak (worn)
Jewellery
 f - a cursed ring of teleportation (right hand)
 g - an uncursed ring of fire
 i - a +5 ring of slaying (left hand)
 r - an uncursed ring of positive energy
 A - an amulet of rage (around neck)
Wands
 n - a wand of disintegration (21)
 v - a wand of digging (6)
Scrolls
 p - 2 scrolls of identify
 q - a scroll of amnesia
 t - 4 scrolls of teleportation {@r3 !r}
 x - a scroll of immolation {unknown}
 C - a scroll of remove curse {@r2}
 D - a scroll of enchant weapon
 G - 2 scrolls of noise {unknown}
 H - 3 scrolls of blinking
Potions
 o - 3 potions of might {@q3 !q}
 u - a potion of flight
 z - a potion of brilliance {unknown}
 F - 2 potions of berserk rage {unknown}
Comestibles
 d - 2 chunks of flesh
 e - 13 rations


   Skills:
 * Level 2.4 Fighting
 - Level 2.0 Short Blades
 - Level 1.7 Maces & Flails
 - Level 0.4 Throwing
 + Level 2.0 Dodging
 - Level 5.0 Stealth
 - Level 4.1 Spellcasting
 - Level 5.0 Hexes
 - Level 3.0 Ice Magic


You had 9 spell levels left.
You knew the following spells:

 Your Spells              Type           Power        Failure   Level  Hunger
a - Corona                Hex            ###....      4%          1    None
b - Ensorcelled Hibernat  Hex/Ice        ###...       9%          2    ##.....
c - Confuse               Hex            ###.....     11%         3    ###....

Your spell library contained the following spells:

 Spells                   Type           Power        Failure   Level  Hunger
 Tukima's Dance           Hex            ###.....     11%         3    ###....
 Dazzling Spray           Conj/Hex       ##....       26%         3    ###....


Dungeon Overview and Level Annotations

Branches:
Dungeon (5/15)
 Temple: D:4-7

Altars:
Fedhas
Ru
Vehumet

Shops:
D:4 [


Innate Abilities, Weirdness & Mutations

Your mind is acute. (Int +2)
Your spells are a little harder to cast, but a little more powerful.


Message History

Some of the chunks of flesh in your inventory have rotted away.
You see here 21 stones.
e - 13 rations (gained 1)
Found a stone staircase leading down.
You see here a rapier.
I - a rapier You see here 10 poisoned darts.
J - 10 poisoned darts You are feeling hungry.
You now have 117 gold pieces (gained 14).
Eating one of 3 chunks of flesh.
You eat one of the 3 chunks of flesh.
This raw flesh tastes terrible.
You now have 130 gold pieces (gained 13).
You see here an adder skeleton.
A worker ant comes into view.
A worker ant is nearby!
A worker ant is nearby!
The helpless worker ant fails to defend itself.
You impale the worker ant!!
You kill the worker ant!
No target in view!
No target in view!
A jackal comes into view.
The jackal moves out of view.
A jackal comes into view.
A jackal is nearby!
A jackal is nearby!
The jackal barely misses you.
You miss the jackal. The jackal misses you.
The jackal barks!
You hit the jackal.
The jackal is severely wounded.
You hear a shout!
The jackal barely misses you.
The jackal bites you but does no damage.
You puncture the jackal!
You kill the jackal!
The jackal completely misses you. The jackal barely misses you.
You hit the jackal.
The jackal is poisoned.
The jackal is heavily wounded.
A centaur comes into view.
The jackal misses you.
You barely miss the jackal.
The jackal is severely wounded.
The jackal bites you but does no damage.
A sky beast comes into view.
You hit the jackal.
You kill the jackal!
The centaur wields a +0 shortbow.
The centaur shoots an arrow.
The arrow closely misses you.
The sky beast flickers out of sight!
Deactivating autopickup; reactivate with Ctrl-A.
The centaur unwields a +0 shortbow.
The centaur barely misses you.
You hit the centaur.
The centaur is lightly wounded.
The centaur hits you.
You barely miss the centaur.
The centaur is lightly wounded.
The centaur hits you. x2
You puncture the centaur!
The centaur is poisoned.
The centaur is heavily wounded.
The centaur hits you but does no damage.
You hit the centaur.
The centaur looks as sick as possible!
The centaur is severely wounded.
The centaur closely misses you.
A centaur comes into view.
The centaur shouts!
You hit the centaur.
The centaur looks as sick as possible!
The centaur is almost dead.
You hear a howl!
The centaur hits you.
The centaur wields a +0 shortbow.
The centaur shoots an arrow.
The arrow hits you. The centaur barely misses you.
You hit the centaur.
You kill the centaur!
Training target 4.0 for Spellcasting reached!
Training target 5.0 for Hexes reached!
Your Spellcasting skill increases to level 4!
Your Hexes skill increases to level 5!
You need to enable at least one skill for training.
Something hits you but does no damage.
Unknown command.
The centaur shoots an arrow.
The arrow hits you!
A howler monkey comes into view.
You see here an arrow.
The centaur shoots an arrow.
The arrow barely misses you. Something hits you. Something shocks you.
You hear a loud, deep croak!
A bullfrog comes into view.
The centaur shoots an arrow.
The arrow misses you. Something hits you but does no damage.
The centaur shoots an arrow.
The arrow hits you!
* * * LOW HITPOINT WARNING * * *
You see here an arrow.
Casting: Ensorcelled Hibernation (safe; 9% risk of failure)
Confirm with . or Enter, or press ? or * to list all spells.
Aiming: Ensorcelled Hibernation (safe; 9% risk of failure)
Press: ? - help, Shift-Dir - straight line, f - centaur
Aim: a centaur, wielding a +0 shortbow (chance to defeat MR: 50%)
The centaur resists with some effort.
The centaur shoots an arrow.
The arrow hits you!
You die...

#.(.....#
#)).....
#.?.....#
#)##.###
#.......# #.##.#
#.......###<...#
#........#####.#
#†.....#.# #.#
#.(...(#... #+#
#.)(...# ...
#@.....# ..
.....c.#######
..F..h. .......
....... ..#....
. #.... #....


You could see a bullfrog, a centaur and a howler monkey.

Vanquished Creatures
  A sky beast (D:5)
  An ogre (D:4)
  A centaur (D:5)
  An orc priest (D:4)
  A bullfrog skeleton (D:4)
  Jessica (D:2)
  Terence (D:2)
  An orc wizard (D:4)
  Natasha (thrice) (D:2)
  3 worker ants (D:5)
  Robin (D:2)
  8 adders
  3 gnolls (D:5)
  An ooze (D:3)
  2 worms
  2 dart slugs
  A leopard gecko (D:2)
  20 orcs
  15 bats
  4 giant cockroaches
  16 goblins
  14 hobgoblins
  11 jackals
  9 kobolds
  4 quokkas
  3 ball pythons
  5 frilled lizards
  A giant cockroach zombie (D:5)
  A leopard gecko skeleton (D:5)
  A leopard gecko zombie (D:5)
  7 rats
143 creatures vanquished.

Notes
Turn   | Place    | Note
-------+----------+-------------------------------------------
     0 | D:1      | MisterOstroum the Human Enchanter began the quest for the
                  | Orb.
     0 | D:1      | Reached XP level 1. HP: 13/13 MP: 3/3
   640 | D:1      | Reached skill level 1 in Fighting
   640 | D:1      | Reached XP level 2. HP: 8/21 MP: 5/5
   675 | D:1      | Reached skill level 1 in Maces & Flails
   959 | D:1      | Learned a level 2 spell: Ensorcelled Hibernation
  1259 | D:1      | Reached XP level 3. HP: 23/26 MP: 6/6
  1860 | D:2      | Noticed Natasha
  1863 | D:2      | Killed Natasha
  1863 | D:2      | Reached XP level 4. HP: 33/33 MP: 7/7
  1868 | D:2      | Learned a level 3 spell: Confuse
  1972 | D:2      | Noticed Robin
  1991 | D:2      | Killed Robin
  2139 | D:2      | Noticed Jessica
  2221 | D:2      | Reached XP level 5. HP: 38/38 MP: 8/8
  2240 | D:2      | Found a blossoming altar of Fedhas.
  2304 | D:2      | Reached skill level 1 in Ice Magic
  2433 | D:2      | Found a radiant altar of Vehumet.
  2558 | D:2      | Noticed Terence
  2573 | D:2      | Killed Terence
  2696 | D:2      | Noticed Natasha
  2707 | D:2      | Killed Natasha
  2740 | D:2      | Killed Jessica
  2740 | D:2      | Reached XP level 6. HP: 46/46 MP: 6/9
  3125 | D:2      | Noticed Natasha
  3139 | D:2      | Killed Natasha
  3712 | D:3      | Found a sacrificial altar of Ru.
  3725 | D:3      | Became a worshipper of Ru the Awakened
  4485 | D:4      | Found Ocabicsocs's Antique Armour Shoppe.
  4526 | D:4      | Bought a cloak for 117 gold pieces
  4599 | D:4      | Noticed an ogre
  4603 | D:4      | Killed an ogre
  4603 | D:4      | Reached XP level 7. HP: 51/51 MP: 11/11
  4623 | D:4      | Gained mutation: Your mind is acute. (Int +2) [potion of
                  | mutation]
  4623 | D:4      | Gained mutation: Your spells are a little harder to cast,
                  | but a little more powerful. [potion of mutation]
  4919 | D:5      | Entered Level 5 of the Dungeon
  4936 | D:5      | Reached skill level 5 in Stealth
  5109 | D:5      | Reached XP level 8. HP: 53/57 MP: 13/13
  5236 | D:5      | Reached skill level 5 in Hexes
  5240 | D:5      | Shot with an arrow by a centaur

Levels and vault maps discovered:
D:1:      nicolae_arrival_somewhat_less_tricky_arrival, layout_basic,
          minmay_hexomino_p4
D:2:      layout_basic, marbit_many_paths, vehumet_crystals, uniq_jessica,
          uniq_robin, uniq_terence, uniq_natasha
D:3:      corexii_shack_village, layout_basic, old_standard_altar
D:4:      layout_rooms, serial_shops, nicolae_shop_waterfront
D:5:      layout_basic, first_ration

Skill      XL: |  1  2  3  4  5  6  7  8 |
---------------+-------------------------+-----
Fighting       | 1 2 |  2.4
Maces & Flails | 1 |  1.7
Ice Magic      | 1 2 3 |  3.0
Stealth        | 4 5 |  5.0
Short Blades   | 2 |  2.0
Spellcasting   | 3 4 |  4.1
Hexes          | 4 5 |  5.0
Throwing       | |  0.4
Dodging        | |  2.0

Action                   |  1- 3 |  4- 6 |  7- 9 || total
-------------------------+-------+-------+-------++-------
Melee: Whip              |    50 |       |       ||    50
       Dagger            |    19 |   227 |    65 ||   311
Throw: Boomerang         |    10 |     3 |       ||    13
       Javelin           |     5 |     1 |       ||     6
 Cast: Ensorcelled Hiber |       |    13 |     2 ||    15
Invok: Reject Sacrifices |       |       |     1 ||     1
 Abil: Evoke Berserk Rag |       |       |     1 ||     1
  Use: Potion            |     3 |       |     4 ||     7
       Scroll            |       |     7 |       ||     7
 Stab: Sleeping          |     6 |    13 |     2 ||    21
  Eat: Chunk             |     2 |    11 |     3 ||    16
Armor: Robe              |    14 |    44 |    12 ||    70
       Skin              |       |       |     7 ||     7
Dodge: Dodged            |    43 |   147 |    34 ||   224

Table legend:
 A = Non-vault XP
 B = Vault XP
 C = Vault XP percentage of total XP
 D = Non-vault monster count
 E = Vault monster count
 F = Vault count percentage of total count
                 A         B        C        D         E       F
            +---------+---------+-------+---------+---------+-------
      Total |     990 |     171 |  14.7 |     114 |      29 |  20.3
            +---------+---------+-------+---------+---------+-------
        D:1 |      39 |       5 |  11.4 |      21 |       3 |  12.5
        D:2 |     167 |     146 |  46.6 |      32 |      17 |  34.7
        D:3 |      90 |      20 |  18.2 |      32 |       9 |  22.0
        D:4 |     281 |       0 |   0.0 |      13 |       0 |   0.0
        D:5 |     413 |       0 |   0.0 |      16 |       0 |   0.0
            +---------+---------+-------+---------+---------+-------
